 Dungeon Crawl Stone Soup version 0.24.0-28-g17ded55e90 (webtiles) character file.

Game seed: 13980982597770900536, levelgen mode: deterministic

292 Delamore the Cleaver (level 6, -3/51 HPs)
             Began as a Hill Orc Fighter on Nov 14, 2019.
             Slain by Crazy Yiuf
             ... wielding a +2 quarterstaff of chaos
              (4 damage)
             ... on level 2 of the Dungeon.
             The game lasted 00:01:30 (1216 turns).

Delamore the Cleaver (Hill Orc Fighter)             Turns: 1216, Time: 00:01:30

Health: -3/51      AC:  6    Str: 21    XL:     6   Next: 33%
Magic:  6/6        EV:  7    Int:  8    God:
Gold:   141        SH:  9    Dex: 10    Spells: 5/5 levels left

rFire    . . .     SeeInvis +   a - +0 war axe
rCold    . . .     Gourm    .   c - +0 shield
rNeg     . . .     Faith    .   b - +0 scale mail
rPois    .         Spirit   .   (no helmet)
rElec    .         Reflect  .   (no cloak)
rCorr    .         Harm     .   (no gloves)
MR       .....                  (no boots)
Stlth    ..........             (no amulet)
HPRegen  0.17/turn              k - ring of see invisible
MPRegen  0.10/turn              (no ring)

@: no status effects
A: no striking features
a: no special abilities


You were on level 2 of the Dungeon.
You were not hungry.

You visited 1 branch of the dungeon, and saw 2 of its levels.

You collected 141 gold pieces.

Inventory:

Hand Weapons
 a - a +0 war axe (weapon)
Missiles
 g - 4 datura-tipped darts (quivered)
Armour
 b - a +0 scale mail (worn)
 c - a +0 shield (worn)
Jewellery
 k - a ring of see invisible (left hand)
Scrolls
 i - a scroll of noise {unknown}
 j - 2 scrolls of fog {unknown}
 l - a scroll of enchant armour {unknown}
 m - a scroll of identify {unknown}
 n - a scroll of remove curse {unknown}
 o - a scroll of teleportation {unknown}
 p - a scroll of amnesia {unknown}
Potions
 d - a potion of might
 e - a potion of degeneration {unknown}
 h - a potion of flight {unknown}
 q - a potion of lignification {unknown}
Comestibles
 f - 4 rations


   Skills:
 - Level 3.6 Fighting
 + Level 8.6 Axes
 - Level 3.2 Armour
 - Level 3.2 Shields


You had 5 spell levels left.
You didn't know any spells.
Your spell library was empty.

Dungeon Overview and Level Annotations

Branches:
Dungeon (2/15)

Altars:

Annotations:
D:2 Crazy Yiuf


Message History

You block Crazy Yiuf's attack.
You closely miss Crazy Yiuf.
Crazy Yiuf is lightly wounded.
Crazy Yiuf hits you with a +2 quarterstaff of chaos.
You are electrocuted!
* * * LOW HITPOINT WARNING * * *
You are too injured to fight recklessly!
You are too injured to fight recklessly!
You are too injured to fight recklessly!
You are too injured to fight recklessly!
You are too injured to fight recklessly!
You are too injured to fight recklessly!
You are too injured to fight recklessly!
You are too injured to fight recklessly!
You hit Crazy Yiuf.
Crazy Yiuf is lightly wounded.
Crazy Yiuf hits you with a +2 quarterstaff of chaos!
* * * LOW HITPOINT WARNING * * *
Crazy Yiuf freezes you.
You die...

#....#
###.....
#.)..#
###.......
#...P#
#.........
#).###
##.###.....
##)# #..#
###### #)##
#### # ##)#
## #)## #.
##@# ######.
#g# #......
)))
######.##...
#)))#
#......#....
#).)#
#...........
#####
#....####...
#....# #...
#....# ####
######


You could see Crazy Yiuf.

Vanquished Creatures
  Sigmund (D:2)
  An ogre (D:2)
  A worm (D:2)
  A dart slug (D:1)
  3 bats
  2 giant cockroaches (D:2)
  5 goblins
  5 hobgoblins
  3 jackals (D:2)
  2 kobolds
  A quokka (D:2)
  16 rats
  4 fungi (D:2)
45 creatures vanquished.

Notes
Turn   | Place    | Note
-------+----------+-------------------------------------------
     0 | D:1      | Delamore the Hill Orc Fighter began the quest for the Orb.
     0 | D:1      | Reached XP level 1. HP: 19/19 MP: 1/1
    23 | D:1      | Reached skill level 3 in Axes
    65 | D:1      | Reached XP level 2. HP: 23/26 MP: 2/2
   200 | D:1      | Reached skill level 4 in Axes
   410 | D:1      | Reached XP level 3. HP: 31/31 MP: 3/3
   537 | D:2      | Noticed an ogre
   545 | D:2      | Killed an ogre
   545 | D:2      | Reached skill level 6 in Axes
   545 | D:2      | Reached XP level 4. HP: 32/39 MP: 4/4
   619 | D:2      | Reached XP level 5. HP: 45/45 MP: 5/5
   811 | D:2      | Noticed Sigmund
   827 | D:2      | Killed Sigmund
   827 | D:2      | Reached skill level 8 in Axes
   827 | D:2      | Reached XP level 6. HP: 11/51 MP: 6/6
  1203 | D:2      | Found a runed translucent door.
  1204 | D:2      | Noticed Crazy Yiuf
  1216 | D:2      | HP: 1/51 [Crazy Yiuf/+2 quarterstaff of chaos (8)]
  1216 | D:2      | Slain by Crazy Yiuf

Levels and vault maps discovered:
D:1:      erik_arrival_orb_chamber, layout_loops_cross
D:2:      layout_rooms, first_ration, uniq_sigmund, uniq_crazy_yiuf_cottage

Skill      XL: |  1  2  3  4  5 |
---------------+----------------+-----
Axes           | 3 4 6 8 |  8.6
Fighting       | |  3.6
Armour         | |  3.2
Shields        | |  3.2

Action                   |  1- 3 |  4- 6 || total
-------------------------+-------+-------++-------
Melee: War axe           |    59 |    76 ||   135
  Eat: Chunk             |       |     1 ||     1
Armor: Scale mail        |    20 |    14 ||    34
Dodge: Dodged            |    16 |    17 ||    33
Block: Shield            |    21 |    26 ||    47
